 Dungeon Crawl Stone Soup version 0.13-a0-3076-g221303f (webtiles) character file.

356 Malachi the Ruinous (level 6, -6/49 HPs)
             Began as a Naga Conjurer on Sept 17, 2013.
             Mangled by a gnoll
             ... wielding a +2,+2 flail
              (12 damage)
             ... on Level 3 of the Dungeon.
             The game lasted 00:11:33 (5097 turns).

Malachi the Ruinous (Naga Conjurer)                 Turns: 5097, Time: 00:11:33

HP  -6/49        AC  3     Str 10      XL: 6   Next:  8%
MP   0/12        EV 10     Int 18      God:
Gold 116         SH  0     Dex 11      Spells:  2 memorised,  8 levels left

Res.Fire  : . . .   See Invis. : +   s - +2,+0 elf dagger (venom)
Res.Cold  : . . .   Warding    : .   a - +0 robe
Life Prot.: . . .   Conserve   : .   (no shield)
Res.Poison: +       Res.Corr.  : .   (no helmet)
Res.Elec. : .       Clarity    : .   (no cloak)
Sust.Abil.: . .     Spirit.Shd : .   (no gloves)
Res.Mut.  : .       Stasis     : .   (no barding)
Res.Rott. : .       Flight     : .   (no amulet)
Saprovore : . . .                    (no ring)
                                     (no ring)

@: short of breath, very slow, somewhat resistant to hostile enchantments,
stealthy
A: spit poison, see invisible, deformed body, poison resistance, slowness 2, AC
+2
a: Spit Poison


You were on level 3 of the Dungeon.
You were hungry.

You visited 1 branch of the dungeon, and saw 3 of its levels.

You collected 96 gold pieces.

Inventory:

Hand weapons
 s - a +2,+0 elven dagger of venom (weapon)
 z - a -1,+1 orcish trident of dragon slaying
 A - a +0 blowgun
 B - a +2,+1 flail of pain
Missiles
 q - 41 poisoned needles
Armour
 a - a +0 robe (worn)
Comestibles
 b - 2 bread rations
 k - an apple
 n - a meat ration
 t - a sausage
Scrolls
 d - 4 scrolls of remove curse {unknown}
 f - a scroll of random uselessness {unknown}
 g - a scroll of enchant weapon II {unknown}
 h - 5 scrolls of identify {unknown}
 j - a scroll of fog {unknown}
 p - a scroll of enchant weapon I {unknown}
 u - a scroll of noise {unknown}
 v - a scroll of curse jewellery {unknown}
 y - a scroll of teleportation {unknown}
 D - a scroll of curse armour {unknown}
Jewellery
 e - an uncursed amulet of stasis {unknown}
 x - a +4 ring of strength {unknown}
Potions
 i - a potion of agility {unknown}
 l - 4 potions of speed {unknown}
 m - 3 potions of curing {unknown}
 o - 2 potions of heal wounds {unknown}
 r - a potion of brilliance {unknown}
Books
 c - a book of Conjurations

   Spells                             Type                      Level
   *Magic Dart                        Conjuration                  1
   *Searing Ray                       Conjuration                  2
   Dazzling Spray                     Conjuration/Hexes            3
   Iskenderun's Mystic Blast          Conjuration                  4
   Iskenderun's Battlesphere          Conjuration/Charms           4
   Fulminant Prism                    Conjuration/Hexes            5


   Skills:
 + Level 2.5 Dodging
 + Level 3.8 Stealth
 * Level 3.0 Spellcasting
 * Level 5.5 Conjurations


You had 8 spell levels left.
You knew the following spells:

 Your Spells              Type           Power        Failure   Level  Hunger
a - Magic Dart            Conj           ###.         1%          1    None
b - Searing Ray           Conj           ###...       2%          2    ##.....


Dungeon Overview and Level Annotations

Branches:
Dungeon (3/27)

Altars:
Cheibriados
Sif Muna


Innate Abilities, Weirdness & Mutations

You cannot wear boots.
You can spit poison.
Your serpentine skin is tough (AC +2).
You have supernaturally acute eyesight.
Armour fits poorly on your strangely shaped body.
Your system is resistant to poisons.
You cover ground very slowly.


Message History

The gnoll is severely wounded.
The gnoll closely misses you.
You completely miss the gnoll.
The gnoll is almost dead.
The gnoll hits you with a flail!
* * * LOW HITPOINT WARNING * * *
Casting: Searing Ray
Confirm with . or Enter, or press ? or * to list all spells.
Aiming: Magic Dart
Press: ? - help, Shift-Dir - straight line, f/p - gnoll
Aim: a gnoll, wielding a flail and wearing an orcish ring mail (almost dead, poisoned)
The magic dart hits the gnoll.
The gnoll is almost dead.
The gnoll barely misses you.
Use which ability? (? or * to list)
Press: ? - help, Shift-Dir - straight line, f/p - gnoll
Aim: a gnoll, wielding a flail and wearing an orcish ring mail (almost dead, poisoned)
The splash of poison misses the gnoll.
You feel slightly more hungry. The gnoll hits you with a flail!
You die...

#.# ####.#### #.......#
####### #.......#
###......
#.......######%.......
#......)#......#......
#.......#.######.%....
#.........# ##.####
#....@..### #.####
#####g### #...[. #).#
#######.
#####'##########...####
#......................
#.......####.####......
#.......##.....##......
#.......#.......#......
#..>....#.......#......


You could see a gnoll.

Vanquished Creatures
  A crimson imp (D:3)
  An orc wizard (D:3)
  4 adders
  3 gnolls (D:3)
  A worm (D:3)
  16 orcs (D:3)
  15 bats
  13 hobgoblins
  A quokka (D:2)
  2 giant cockroaches (D:1)
  2 giant geckos
  3 giant newts
  4 goblins
  11 jackals
  11 kobolds
  6 rats
94 creatures vanquished.

Notes
Turn   | Place    | Note
--------------------------------------------------------------
     0 | D:1      | Malachi, the Naga Conjurer, began the quest for the Orb.
     0 | D:1      | Reached XP level 1. HP: 15/15 MP: 3/3
   462 | D:1      | Reached XP level 2. HP: 20/22 MP: 4/4
  1487 | D:1      | Reached XP level 3. HP: 24/28 MP: 0/5
  2201 | D:2      | Learned a level 2 spell: Searing Ray
  2514 | D:2      | Reached XP level 4. HP: 36/36 MP: 4/7
  2771 | D:2      | Reached skill level 5 in Conjurations
  3707 | D:3      | Found a deep blue altar of Sif Muna.
  3753 | D:3      | Reached XP level 5. HP: 15/42 MP: 2/10
  3997 | D:3      | Found a snail-covered altar of Cheibriados.
  4913 | D:3      | Reached XP level 6. HP: 37/49 MP: 8/12
  5097 | D:3      | Mangled by a gnoll

Action                   |  1- 3 |  4- 6 || total
-------------------------+-------+-------++-------
Melee: Unarmed           |    44 |     6 ||    50
       Dagger            |       |    77 ||    77
 Fire: Blowgun           |       |     7 ||     7
 Cast: Magic Dart        |    74 |    92 ||   166
       Searing Ray       |       |     7 ||     7
 Abil: Spit Poison       |    11 |    20 ||    31
 Stab: Sleeping          |       |     1 ||     1
